 Dungeon Crawl Stone Soup version 0.31.0-1-g2c135a0 (webtiles) character file.

Game seed: 14035137983984296903

39664 Punchie the Warrior (level 13, -1/128 HPs)
             Began as a Minotaur Berserker on Apr 21, 2024.
             Was a High Priest of Trog.
             Slain by a green ugly thing (8 damage)
             ... on level 15 of the Dungeon.
             The game lasted 00:28:18 (14922 turns).

Punchie the Warrior (Minotaur Berserker)           Turns: 14922, Time: 00:28:18

Health: -1/128     AC: 21    Str: 37    XL:     13   Next: 70%
Magic:  12/12      EV: 12    Int:  4    God:    Trog [*****.]
Gold:   525        SH:  5    Dex: 12    Spells: 12/12 levels left

rFire   . . .        P - +2 battleaxe (distort)
rCold   . . .        (shield currently unavailable)
rNeg    . . .        F - +0 plate armour
rPois   .            (helmet restricted)
rElec   .            u - +1 cloak
rCorr   .            (no gloves)
SInv    .            m - +0 pair of boots
Will    .....        d - amulet of reflection Stlth
                     c - +6 ring of strength
HPRegen 0.41/turn    i - +6 ring of strength
MPRegen 0.13/turn

%: reflection
@: lethally poisoned (-1 -> -45)
A: horns 2, retaliatory headbutt
a: Renounce Religion, Berserk, Trog's Hand, Brothers in Arms


You were on level 15 of the Dungeon.
You worshipped Trog.
Trog was extremely pleased with you.
You visited 1 branch of the dungeon, and saw 15 of its levels.

You collected 948 gold pieces.
You spent 423 gold pieces at shops.

Inventory:

Hand Weapons
 a - a +1 hand axe
 D - the +2 war axe of Punchie's Woe {flame, *Rage rCorr Dex+4}
   (You found it on level 11 of the Dungeon)

   Dex+4:     It affects your dexterity (+4).
   *Rage:     It berserks you when you make melee attacks (+20% chance).
   rCorr:     It protects you from acid and corrosion.
 P - a +2 battleaxe of distortion (weapon)
Missiles
 L - a throwing net (quivered)
Armour
 b - a +0 animal skin
 m - a +0 pair of boots (worn)
 o - a +0 scale mail
 t - the +3 scale mail of Ciriplotz {rElec rF+ rC- Slay+4 Stlth+}
   (You found it on level 4 of the Dungeon)

   Slay+4:    It affects your accuracy & damage with ranged weapons and melee
   (+4).
   rF+:       It protects you from fire.
   rC-:       It makes you vulnerable to cold.
   rElec:     It insulates you from electricity.
   Stlth+:    It makes you more stealthy.
 u - a +1 cloak (worn)
 F - a +0 plate armour (worn)
 M - a +0 kite shield
 R - a +0 tower shield
Jewellery
 c - a +6 ring of strength (left hand)
 d - an amulet of reflection (around neck)
 f - a ring of positive energy
 h - a +5 ring of evasion
 i - a +6 ring of strength (right hand)
 n - a ring of protection from cold
 p - a +4 ring of protection
 s - a ring of see invisible
 B - a +6 ring of dexterity
Wands
 l - a wand of polymorph (11)
 w - a wand of charming (13)
 I - a wand of flame (2)
 Q - a wand of digging (6)
Scrolls
 j - 3 scrolls of vulnerability
 r - 3 scrolls of teleportation
 v - a scroll of poison
 x - a scroll of butterflies
 y - a scroll of immolation
 H - a scroll of torment
 J - a scroll of brand weapon {unknown}
 O - a scroll of identify
Potions
 e - a potion of haste
 g - 2 potions of lignification
 k - 4 potions of brilliance
 q - 4 potions of heal wounds
 z - 3 potions of enlightenment
 A - a potion of cancellation
 C - 2 potions of curing {unknown}
 E - a potion of attraction {unknown}
 G - 2 potions of resistance {unknown}
 K - a potion of degeneration {unknown}
 N - a potion of berserk rage {unknown}


   Skills:
 + Level 15.7 Fighting
 + Level 15.6 Axes
 + Level 14.9 Armour
 - Level 8.6 Dodging
 - Level 3.1 Shields
 - Level 4.7 Evocations


You had 12 spell levels left.
You didn't know any spells.
Your spell library was empty.

Dungeon Overview and Level Annotations

Branches:
Dungeon (15/15)            Temple (0/1) D:4            Lair (0/5) D:11
    Orc (0/2) D:11         Vaults (0/5) D:14         Depths (0/4) D:15

Altars:
Cheibriados
Elyvilon
Nemelex Xobeh
Okawaru
Qazlal
Sif Muna
Vehumet
Wu Jian
The Shining One

Shops:
D:5 *   D:12 (


Innate Abilities, Weirdness & Mutations

You have a pair of horns on your head.
You reflexively headbutt those who attack you in melee.


Message History

You barely miss the green ugly thing. You headbutt the green ugly thing!
The green ugly thing is almost dead.
You feel extremely sick.
The green ugly thing headbutts you but does no damage.
You slice the green ugly thing!!
You kill the green ugly thing!
Trog accepts your kill.
You closely miss the green ugly thing.
You feel extremely sick.
The green ugly thing stings you but does no damage.
You slice the green ugly thing!!
Space warps horribly around the green ugly thing!
You headbutt the green ugly thing!
The green ugly thing is severely wounded.
You slice the green ugly thing!!
You kill the green ugly thing!
Trog accepts your kill.
You feel extremely sick. The green ugly thing stings you!
You are lethally poisoned!
The green ugly thing poisons you!
You slice the green ugly thing!!
Space warps horribly around the green ugly thing!!
You kill the green ugly thing!
Trog accepts your kill.
You completely miss the green ugly thing.
You feel extremely sick.
The green ugly thing closely misses you.
You closely miss the cyan ugly thing.
The cyan ugly thing is moderately wounded.
You slash the green ugly thing!
Space warps horribly around the green ugly thing!!
* * * LOW HITPOINT WARNING * * *
You feel extremely sick. The cyan ugly thing kicks you!
* * * LOW HITPOINT WARNING * * *
The cyan ugly thing shocks you!
* * * LOW HITPOINT WARNING * * *
The green ugly thing tail-slaps you!
You die...

)...........)
#............. #######
#.............
#......#+##.............
#.......................
#.......................
#....................###
......u§u............#
......†@.............#
.##########........###
#........#.#
#........'.#
#........### ##########


You could see 2 ugly things.

Vanquished Creatures
  Snorg (D:10)
  5 vault guards (D:13)
  2 centaur warriors (D:15)
  2 hydras (D:15)
  2 catoblepae (D:15)
  A death knight (D:15)
  A boulder beetle (D:15)
  2 two-headed ogres
  3 tengu warriors
  A glowing orange brain (D:15)
  A necromancer (D:10)
  A deep elf pyromancer (D:12)
  13 ugly things
  2 manticores
  2 cyclopes
  A gargoyle (D:10)
  2 unseen horrors
  6 kobold demonologists
  An efreet (D:14)
  2 komodo dragons
  3 tengu conjurers
  4 trolls
  A wind drake (shapeshifter) (D:15)
  A dream sheep (shapeshifter) (D:15)
  9 slime creatures
  2 centaur simulacra (D:14)
  2 shadows
  A wyvern (D:10)
  A yak (shapeshifter) (D:13)
  5 wraiths
  Eustachio (D:5)
  14 yaks
  A basilisk (shapeshifter) (D:14)
  Grum (D:10)
  10 vampire mosquitoes
  Menkaure (D:6)
  Edmund (D:5)
  3 acid dragons
  Duvessa (D:7)
  2 orc warriors
  3 wolves (D:10)
  4 ogres
  6 centaurs
  5 kobold brigands
  2 phantoms
  2 bullfrogs
  2 scorpions
  8 wights
  Dowan (D:7)
  9 killer bees
  2 howler monkeys (D:9)
  2 jellies (D:6)
  2 bombardier beetles
  A gnoll bouda (D:4)
  6 orc priests
  5 iguanas
  15 orc wizards
  5 yak simulacra (D:10)
  2 wolf simulacra (D:10)
  7 gnolls
  10 adders
  2 river rats (D:10)
  2 shadow imps
  2 white imps
  2 ufetubi (D:7)
  A ribbon worm (D:4)
  2 dart slugs
  28 orcs
  3 bats
  7 endoplasms
  3 giant cockroaches (D:1)
  6 goblins
  5 hobgoblins
  15 kobolds
  4 quokkas
  12 ball pythons
  3 frilled lizards
  23 rats
  4 river rat simulacra (D:10)
338 creatures vanquished.

Notes
Turn   | Place    | Note
-------+----------+-------------------------------------------
     0 | D:1      | Punchie the Minotaur Berserker began the quest for the Orb.
     0 | D:1      | Reached XP level 1. HP: 19/19 MP: 0/0
   202 | D:1      | Reached XP level 2. HP: 27/27 MP: 1/1
   653 | D:1      | Found a faded altar of an unknown god.
   794 | D:2      | Reached XP level 3. HP: 29/34 MP: 2/2
   951 | D:2      | Reached ** piety under Trog
  1059 | D:2      | Reached XP level 4. HP: 37/41 MP: 3/3
  1094 | D:2      | Reached skill level 5 in Axes
  1121 | D:2      | Found a sparkling altar of Nemelex Xobeh.
  1138 | D:2      | Reached skill level 5 in Fighting
  1500 | D:3      | You fall into a shaft and drop 1 floor!
  1541 | D:4      | Found a snail-covered altar of Cheibriados.
  1571 | D:4      | Identified the +3 scale mail of Ciriplotz {rElec rF+ rC-
                  | Slay+4 Stlth+}
  1753 | D:4      | Reached XP level 5. HP: 47/48 MP: 4/4
  1787 | D:4      | Found a staircase to the Ecumenical Temple.
  1793 | D:4      | Reached *** piety under Trog
  2034 | D:3      | Found a radiant altar of Vehumet.
  2212 | D:5      | Entered Level 5 of the Dungeon
  2218 | D:5      | Reached XP level 6. HP: 57/57 MP: 5/5
  2266 | D:5      | Found Vudioreo's General Store.
  2506 | D:5      | Reached XP level 7. HP: 64/64 MP: 6/6
  2553 | D:5      | Noticed Edmund
  2564 | D:5      | Killed Edmund
  2786 | D:5      | Noticed Eustachio
  2798 | D:5      | Killed Eustachio
  2799 | D:5      | Reached skill level 5 in Armour
  2990 | D:5      | Reached XP level 8. HP: 69/73 MP: 7/7
  3105 | D:6      | Reached skill level 5 in Dodging
  3122 | D:6      | Reached **** piety under Trog
  3193 | D:6      | Noticed Menkaure
  3199 | D:6      | Killed Menkaure
  3436 | D:6      | Found an iron altar of Okawaru.
  4244 | D:7      | Noticed Duvessa
  4244 | D:7      | Noticed Dowan
  4251 | D:7      | Killed Duvessa
  4252 | D:7      | Reached XP level 9. HP: 68/82 MP: 8/8
  4252 | D:7      | Killed Dowan
  4317 | D:7      | Noticed a troll
  4331 | D:7      | Killed a troll
  4578 | D:7      | Identified the +1 scale mail "Willac" {^Contam rElec rC+}
  4983 | D:8      | Noticed a komodo dragon
  4988 | D:8      | Killed a komodo dragon
  5029 | D:8      | Found a white marble altar of Elyvilon.
  5108 | D:8      | Found a glowing golden altar of the Shining One.
  5596 | D:8      | Found an ornate altar of the Wu Jian Council.
  6006 | D:9      | Noticed a kobold demonologist
  6006 | D:9      | Noticed a kobold demonologist
  6024 | D:9      | Reached skill level 1 in Evocations
  6025 | D:9      | Noticed a hellwing
  6029 | D:9      | Reached ***** piety under Trog
  6033 | D:9      | Killed a kobold demonologist
  6037 | D:9      | Noticed a rust devil
  6049 | D:9      | Killed a kobold demonologist
  6050 | D:9      | Reached XP level 10. HP: 32/93 MP: 9/9
  6807 | D:10     | Entered Level 10 of the Dungeon
  6818 | D:10     | Noticed a two-headed ogre
  6828 | D:10     | Killed a two-headed ogre
  6829 | D:10     | Reached skill level 10 in Fighting
  6829 | D:10     | Reached skill level 10 in Axes
  7097 | D:10     | Noticed Snorg
  7112 | D:10     | Killed Snorg
  7204 | D:10     | Found a stormy altar of Qazlal.
  7789 | D:10     | Noticed a gargoyle
  7795 | D:10     | Killed a gargoyle
  7989 | D:10     | Noticed a necromancer
  8000 | D:10     | Killed a necromancer
  8001 | D:10     | Reached XP level 11. HP: 101/101 MP: 10/10
  8213 | D:10     | Noticed Grum
  8231 | D:10     | Killed Grum
  8496 | D:10     | Reached skill level 10 in Armour
  8706 | D:10     | Noticed a sun demon
  8888 | D:11     | Identified the +2 war axe of Punchie's Woe {flame, *Rage
                  | rCorr Dex+4}
  8926 | D:11     | Found a staircase to the Orcish Mines.
  9042 | D:11     | Found a staircase to the Lair.
  9114 | D:11     | Reached skill level 1 in Shields
  9492 | D:12     | Found Giebon's Weapon Shoppe.
  9498 | D:12     | Bought a +2 battleaxe of distortion for 423 gold pieces
  9543 | D:12     | Noticed a deep elf pyromancer
  9549 | D:12     | Killed a deep elf pyromancer
 10247 | D:13     | Reached XP level 12. HP: 111/113 MP: 11/11
 10354 | D:13     | Noticed a tengu warrior
 10365 | D:13     | Killed a tengu warrior
 10755 | D:13     | Noticed a two-headed ogre
 10764 | D:13     | Killed a two-headed ogre
 10855 | D:14     | Noticed a vault guard
 10855 | D:14     | Noticed a vault guard
 10855 | D:14     | Noticed a vault guard
 10855 | D:14     | Noticed a vault guard
 10855 | D:14     | Noticed a vault guard
 10855 | D:14     | Found a gate to the Vaults.
 10856 | D:14     | Noticed a vault guard
 10856 | D:14     | Noticed a vault guard
 10856 | D:14     | Noticed a vault guard
 10875 | D:13     | Killed a vault guard
 10980 | D:13     | Killed a vault guard
 11306 | D:13     | Banished a vault guard
 11307 | D:13     | Killed a vault guard
 11314 | D:13     | Killed a vault guard
 11402 | D:13     | Banished a vault guard
 11405 | D:13     | Killed a vault guard
 11634 | D:14     | Banished a vault guard
 11766 | D:14     | Noticed a tengu warrior
 11784 | D:14     | Killed a tengu warrior
 12152 | D:14     | Found a shimmering blue altar of Sif Muna.
 12164 | D:14     | Received a gift from Trog
 12361 | D:14     | Noticed a centaur warrior
 12370 | D:14     | Banished a centaur warrior
 12947 | D:15     | Entered Level 15 of the Dungeon
 12955 | D:15     | Noticed a seven-headed hydra
 12960 | D:15     | Killed a nine-headed hydra
 12961 | D:15     | Reached XP level 13. HP: 57/125 MP: 12/12
 13930 | D:15     | Reached skill level 15 in Fighting
 14105 | D:15     | Reached skill level 15 in Axes
 14325 | D:15     | Found a staircase to the Depths.
 14922 | D:15     | Slain by a green ugly thing

Illustrated notes

Levels and vault maps discovered:
D:1:      minmay_arrival_up_and_down, layout_loops_ring,
          shapermc_ecumenical_altar_mp_highgroup, serial_bayou_pond_a,
          chequers_jeans
D:2:      layout_basic, basic_altar, minmay_rat_hole
D:3:      layout_rooms, vehumet_crystals, kennysheep_potato
D:4:      layout_rooms, kennysheep_slug_shrine, temple_green, hex_medium,
          minmay_misc_feat_roman, sigmund_army
D:5:      layout_cave_pools, serial_shops, shop_fountains, saegor_snake_ambush,
          uniq_edmund, uniq_eustachio
D:6:      layout_gridville, mainiacjoe_overflow_concentric_impassable,
          uniq_menkaure
D:7:      layout_rooms, kennysheep_cluttered_room, grunt_decor_arrowhead,
          uniq_duvessa
D:8:      layout_basic, elyvilon_altar_1, lemuel_tele_altar,
          nicolae_wu_jian_glorious_leap
D:9:      layout_small_grid, fungi_pond_lemuel
D:10:     layout_basic, nicolae_qazlal_general_emergency,
          eino_house_with_fridge, uniq_snorg, uniq_grum
D:11:     layout_cave_pools, lair_entry_dummy, orc_0_dummy
D:12:     layout_loops_ring, serial_shops, shop
D:13:     layout_rooms, chequers_serial_rivers_micro_e, kennysheep_doodads
D:14:     layout_cave_pods, erik_vaults_2, minmay_misc_feat_square,
          kennysheep_orc_sif_temple
D:15:     gammafunk_enter_depths_forms, layout_gridville, serial_glass,
          glass_columns_a, glass_columns_a, chequers_serial_rivers_room_b,
          serial_shops, shop

Skill      XL: |  1  2  3  4  5  6  7  8  9 10 11 12 13 |
---------------+----------------------------------------+-----
Fighting       | 4 5 6 7 8 9 10 12 14 15 | 15.7
Axes           | 4 5 6 7 8 9 10 12 14 15 | 15.6
Armour         | 3 4 5 6 8 9 11 13 14 | 14.9
Dodging        | 3 4 6 7 8 |  8.6
Evocations     | 1 4 |  4.7
Shields        | 3 |  3.1

Action                     |  1- 3 |  4- 6 |  7- 9 | 10-12 | 13-15 || total
---------------------------+-------+-------+-------+-------+-------++-------
  Melee: Hand axe          |    69 |    85 |   212 |   156 |       ||   522
         Headbutt          |     5 |    13 |    40 |    82 |    22 ||   162
         Punch             |       |     1 |     3 |     3 |       ||     7
         Battleaxe         |       |       |       |   148 |    89 ||   237
         War axe           |       |       |       |    49 |       ||    49
 Invoke: Berserk           |       |     2 |     1 |     3 |     1 ||     7
         Brothers in Arms  |       |       |     1 |       |       ||     1
    Use: Scroll            |       |     8 |     6 |     5 |       ||    19
         Potion            |       |     1 |       |       |       ||     1
   Stab: Sleeping          |     1 |       |       |       |       ||     1
 Armour: Animal skin       |    25 |     4 |       |       |       ||    29
         Scale mail        |       |    52 |   151 |    51 |       ||   254
         Plate armour      |       |       |       |   266 |   130 ||   396
  Dodge: Dodged            |    40 |    66 |   101 |   181 |    50 ||   438
  Block: Other             |       |       |    43 |    71 |    22 ||   136
         Reflection        |       |       |     3 |     8 |     6 ||    17
         Kite shield       |       |       |       |    25 |       ||    25
